 Dungeon Crawl Stone Soup version 0.29-a0-330-g52719c12eb (webtiles) character file.

Game seed: 8399198948847374857

252 Leszczynek the Chopper (level 6, -4/48 HPs)
             Began as a Human Gladiator on Apr 20, 2022.
             Slain by a vampire mosquito (5 damage)
             ... on level 6 of the Dungeon.
             The game lasted 00:09:15 (1298 turns).

Leszczynek the Chopper (Human Gladiator)            Turns: 1298, Time: 00:09:16

Health: -4/48      AC:  4    Str: 17    XL:     6   Next: 36%
Magic:  6/6        EV: 13    Int:  8    God:
Gold:   58         SH:  0    Dex: 14    Spells: 5/5 levels left

rFire   . . .      SeeInvis .   a - +1 war axe
rCold   + . .      Faith    .   (no shield)
rNeg    . . .      Spirit   .   b - +0 leather armour
rPois   +          Reflect  .   c - +0 helmet
rElec   .          Harm     .   (no cloak)
rCorr   .          Rampage  .   (no gloves)
Will    .....                   (no boots)
Stlth   +.........              (no amulet)
HPRegen 0.16/turn               i - ring of poison resistance
MPRegen 0.10/turn               (no ring)

@: no status effects
A: hooves 1, cold resistance 1
a: no special abilities


You were on level 6 of the Dungeon.
You visited 1 branch of the dungeon, and saw 6 of its levels.

You collected 58 gold pieces.

Inventory:

Hand Weapons
 a - a +1 war axe (weapon)
Missiles
 f - 6 boomerangs (quivered)
 l - 2 poisoned darts
Armour
 b - a +0 leather armour (worn)
 c - a +0 helmet (worn)
Jewellery
 i - a ring of poison resistance (left hand)
Scrolls
 h - 2 scrolls of identify {unknown}
 m - 2 scrolls of noise {!r}


   Skills:
 * Level 3.9 Fighting
 * Level 4.5 Axes
 + Level 3.1 Throwing
 + Level 3.8 Dodging


You had 5 spell levels left.
You didn't know any spells.
Your spell library contained the following spells:

 Spells                   Type           Power      Damage    Failure   Level
 Corpse Rot               Necr/Air       0%         N/A       63%         2
 Dispel Undead            Necr           0%         3d6       99%         4
 Death Channel            Necr           0%         N/A       100%        6


Dungeon Overview and Level Annotations

Branches:
Dungeon (6/15)
 Temple: D:4-7

Altars:

Shops:
D:2 *


Innate Abilities, Weirdness & Mutations

You have large cloven feet.
Your flesh is cold resistant. (rC+)


Message History

The vampire mosquito barely misses you.
Throw: throwing net
Press: ? - help, Q - select action, (/) - cycle Shift-Dir - straight line, f/p - vampire mosquito
Aim: a vampire mosquito (42% to hit)
You throw a throwing net.
The throwing net barely misses the vampire mosquito.
The vampire mosquito closely misses you. x2
It was a potion of cancellation.
You feel magically purged.
The vampire mosquito bites you but does no damage.
The vampire mosquito bites you!
* * * LOW HITPOINT WARNING * * *
The vampire mosquito draws strength from your injuries!
It was a potion of mutation.
You feel extremely strange.
Iridescent scales grow over part of your body.
You feel resistant to cold.
Your iridescent scales disappear.
Your feet thicken and deform.
The vampire mosquito closely misses you.
You hit the vampire mosquito but do no damage.
The vampire mosquito bites you.
* * * LOW HITPOINT WARNING * * *
The vampire mosquito draws strength from your injuries!
The vampire mosquito bites you.
* * * LOW HITPOINT WARNING * * *
The vampire mosquito draws strength from your injuries!
The vampire mosquito bites you but does no damage.
Unknown command.
As you read the scroll labelled OVVISY GUYPUFU, it crumbles to dust.
It is a scroll of enchant weapon.
Your +0 war axe glows red for a moment.
The vampire mosquito bites you but does no damage.
The vampire mosquito closely misses you.
As you read the scroll labelled LEONEUHIE, it crumbles to dust.
You hear a loud clanging noise!
It was a scroll of noise.
You hear an angry buzzing noise. x2
The vampire mosquito bites you.
* * * LOW HITPOINT WARNING * * *
The vampire mosquito draws strength from your injuries!
The vampire mosquito bites you.
You die...

...........#..#
.###########..## #...#
#######..###
#..........##########
#.####.....##.......#
#.....#...####.#
####..........## # .
#....@.........##.##
.....#..y..........[...
##.#....(............##
# ###..#>.......#...#
#..#...#...##...#
#............#.##
#.#.#.######.# #
#.#.#.. ... #.#.#.##
#.#


You could see a vampire mosquito.

Vanquished Creatures
  A bullfrog (D:6)
  An orc priest (D:5)
  Jessica (D:2)
  5 gnolls
  3 adders (D:3)
  A worm (D:5)
  3 dart slugs
  10 orcs
  3 endoplasms
  A giant cockroach (D:2)
  2 goblins (D:2)
  A hobgoblin (D:2)
  2 quokkas
  4 ball pythons
  A bat (D:2)
  A frilled lizard (D:3)
  4 kobolds
  A rat (D:2)
45 creatures vanquished.

Notes
Turn   | Place    | Note
-------+----------+-------------------------------------------
     0 | D:1      | Leszczynek the Human Gladiator began the quest for the Orb.
     0 | D:1      | Reached XP level 1. HP: 16/16 MP: 1/1
    13 | D:2      | Found Otim Lil's Assorted Antiques.
   160 | D:2      | Reached XP level 2. HP: 22/22 MP: 2/2
   199 | D:2      | Noticed Jessica
   261 | D:1      | Reached XP level 3. HP: 14/28 MP: 3/3
   370 | D:2      | Killed Jessica
   391 | D:2      | Reached XP level 4. HP: 22/34 MP: 4/4
   536 | D:3      | Reached skill level 3 in Fighting
   721 | D:3      | Reached XP level 5. HP: 30/41 MP: 5/5
   836 | D:5      | Entered Level 5 of the Dungeon
   875 | D:5      | Reached skill level 4 in Axes
  1135 | D:6      | Noticed a bullfrog
  1145 | D:6      | Noticed a bullfrog
  1153 | D:6      | Killed a bullfrog
  1154 | D:6      | Reached skill level 3 in Throwing
  1154 | D:6      | Reached XP level 6. HP: 48/48 MP: 6/6
  1282 | D:6      | Noticed a vampire mosquito
  1295 | D:6      | Gained mutation: You are partially covered in iridescent
                  | scales. (AC +2) [potion of mutation]
  1295 | D:6      | Gained mutation: Your flesh is cold resistant. (rC+)
                  | [potion of mutation]
  1295 | D:6      | Lost mutation: You are partially covered in iridescent
                  | scales. (AC +2) [potion of mutation]
  1295 | D:6      | Gained mutation: You have large cloven feet. [potion of
                  | mutation]
  1296 | D:6      | HP: 5/48 [vampire mosquito (6)]
  1298 | D:6      | HP: 1/48 [vampire mosquito (2)]
  1298 | D:6      | Slain by a vampire mosquito

Illustrated notes

Levels and vault maps discovered:
D:1:      minmay_arrival_stone_box, layout_basic,
          shapermc_ecumenical_altar_pompeii
D:2:      wander_river, layout_loops_cross, serial_shops, nicolae_shop_trees,
          uniq_jessica
D:3:      layout_loops_cross, serial_rivers, chequers_serial_rivers_micro_d,
          chequers_serial_rivers_room_b, chequers_serial_rivers_small_3,
          chequers_serial_rivers_small_3, chequers_serial_rivers_micro_b,
          chequers_serial_rivers_small_3, uniq_natasha, uniq_sigmund
D:4:      layout_loops_corners, uniq_crazy_yiuf_cottage, uniq_duvessa
D:5:      layout_basic, led_sif_pool
D:6:      layout_loops_ring

Skill      XL: |  1  2  3  4  5 |
---------------+----------------+-----
Fighting       | 3 |  3.9
Axes           | 4 |  4.5
Throwing       | 3 |  3.1
Dodging        | |  3.8

Action                   |  1- 3 |  4- 6 || total
-------------------------+-------+-------++-------
Melee: War axe           |    49 |    93 ||   142
       Punch             |       |     1 ||     1
Throw: Throwing net      |     3 |     7 ||    10
       Javelin           |     1 |     2 ||     3
       Boomerang         |       |    20 ||    20
  Use: Scroll            |       |     2 ||     2
       Potion            |       |     2 ||     2
 Stab: Held in net/web   |       |     1 ||     1
Armor: Leather armour    |    21 |    23 ||    44
Dodge: Dodged            |    36 |    61 ||    97

Table legend: (Time is in decaauts)
 A = Elapsed time spent in this place.
 B = Non-inter-level travel time spent in this place.
 C = Inter-level travel time spent in this place.
 D = Time resting spent in this place.
 E = Time spent auto-exploring this place.
 F = Levels seen in this place.
 G = Mean time per level.
                   A        B        C        D        E       F      G
               +--------+--------+--------+--------+--------+-----+--------+
         Total |   1385 |   1338 |     47 |      0 |      0 |   6 |  230.8 |
       Dungeon |   1385 |   1338 |     47 |      0 |      0 |   6 |  230.8 |
               +--------+--------+--------+--------+--------+-----+--------+

Top non-repeatable levels by time:
     D:3: 315 daAuts
     D:2: 283 daAuts
     D:5: 244 daAuts
     D:6: 198 daAuts
     D:1: 187 daAuts
     D:4: 156 daAuts
